 Dungeon Crawl Stone Soup version 0.29.1-12-g30fa7ad0bf (webtiles) character file.

Game seed: 16422492072324948217

43208 cheesebisquit the Executioner (level 13, 0/116 HPs)
             Began as a Minotaur Berserker on Dec 26, 2022.
             Was a Priest of Trog.
             Slain by a death yak (14 damage)
             ... on level 5 of the Lair of Beasts on Dec 27, 2022.
             The game lasted 01:24:12 (21231 turns).

cheesebisquit the Executioner (Minotaur Berserker) Turns: 21231, Time: 01:24:13

Health: 0/116      AC: 24    Str: 38    XL:     13   Next: 89%
Magic:  12/12      EV:  7    Int:  4    God:    Trog [***...]
Gold:   2421       SH: 15    Dex: 11    Spells: 12/12 levels left

rFire   . . .      SeeInvis +   P - +2 hand axe "Gooneumiu" {vorpal, rPois rC+ rCorr SInv}
rCold   + . .      Faith    +   D - +0 tower shield
rNeg    . . .      Spirit   .   O - +0 plate armour
rPois   +          Reflect  .   V - +2 hat
rElec   .          Harm     .   F - +1 cloak {rPois}
rCorr   +          Rampage  .   x - +1 pair of gloves
Will    ++...                   f - +1 pair of boots
Stlth   ..........              y - amulet of faith
HPRegen 1.29/turn               z - +6 ring of strength
MPRegen 0.13/turn               J - +6 ring of strength

@: strong-willed, on berserk cooldown, regenerating, studying Axes, invisible
A: horns 2, retaliatory headbutt
a: Renounce Religion, Berserk, Trog's Hand


You were on level 5 of the Lair of Beasts.
You worshipped Trog.
Trog was most pleased with you.
You visited 2 branches of the dungeon, and saw 17 of its levels.
You also visited: Ossuary.

You collected 2421 gold pieces.

Inventory:

Hand Weapons
 E - a +6 morningstar
 P - the +2 hand axe "Gooneumiu" (weapon) {vorpal, rPois rC+ rCorr SInv}
   (You found it on level 10 of the Dungeon)

   It inflicts extra damage upon your enemies.
   rC:        It protects you from cold.
   rPois:     It protects you from poison.
   SInv:      It lets you see invisible.
   rCorr:     It protects you from acid and corrosion.
Missiles
 r - 32 poisoned darts (quivered)
 T - 6 atropa-tipped darts
Armour
 b - a +0 animal skin
 d - a +0 chain mail
 f - a +1 pair of boots (worn)
 k - a +2 cloak
 n - a scarf of repulsion
 o - the +0 cloak "Fuecodo" {Will+}
   (You found it on level 2 of the Dungeon)

   Will:      It increases your willpower.
 x - a +1 pair of gloves (worn)
 D - a +0 tower shield (worn)
 F - a +1 cloak of poison resistance (worn)
 O - a +0 plate armour (worn)
 V - a +2 hat (worn)
Jewellery
 v - a ring of protection from fire
 y - an amulet of faith (around neck)
 z - a +6 ring of strength (left hand)
 I - a +4 ring of slaying
 J - a +6 ring of strength (right hand)
Wands
 e - a wand of flame (36)
 s - a wand of quicksilver (4)
 K - a wand of paralysis (13)
 L - a wand of digging (5)
 R - a wand of roots (11)
 S - a wand of polymorph (9)
 U - a wand of mindburst (17)
Scrolls
 a - 2 scrolls of poison
 c - a scroll of vulnerability
 i - 5 scrolls of teleportation
 l - a scroll of butterflies {unknown}
 p - 2 scrolls of summoning
 t - a scroll of fear
 A - a scroll of torment {unknown}
 G - 3 scrolls of magic mapping
 M - a scroll of immolation
 X - a scroll of blinking {unknown}
Potions
 g - 4 potions of attraction
 h - 14 potions of curing
 j - 8 potions of heal wounds
 m - 5 potions of haste
 q - 6 potions of mutation
 u - 4 potions of lignification
 w - a potion of invisibility
 B - 2 potions of berserk rage
 C - a potion of ambrosia
 H - 2 potions of flight
 N - 2 potions of might
 Q - a potion of magic


   Skills:
 + Level 11.2 Fighting
 - Level 22.2 Axes
 + Level 10.8 Armour
 - Level 3.0 Dodging
 + Level 10.2 Shields


You had 12 spell levels left.
You didn't know any spells.
Your spell library was empty.

Dungeon Overview and Level Annotations

Branches:
Dungeon (12/15)            Temple (0/1) D:4            Lair (5/5) D:10
 Shoals (0/4) Lair:2       Spider (0/4) Lair:2        Slime (0/5) Lair:4
    Orc (0/2) D:11        Ossuary (visited)

Altars:
Ashenzari
Cheibriados
Elyvilon
Kikubaaqudgha
Okawaru
Qazlal
Uskayaw
Jiyva

Shops:
D:9 [   D:11 :

Annotations:
D:5 2 transporters, KittyFluff's ghost, novice GrBe
D:10 3 runed translucent doors, Cheops's ghost, journeyman MiFi
Lair:3 3 runed translucent doors, Balder's ghost, journeyman MiFi
Lair:4 exclusion: oklob plant


Innate Abilities, Weirdness & Mutations

You have a pair of horns on your head.
You reflexively headbutt those who attack you in melee.


Message History

You hit the death yak but do no damage.
The death yak gores you but does no damage.
You block the death yak's attack. The death yak closely misses you.
The death yak gores you but does no damage.
You hit the death yak but do no damage.
You headbutt the death yak, but do no damage.
The death yak is moderately wounded.
You slash the death yak! You hit the death yak. You slash the death yak!
You hit the death yak. You hit the death yak but do no damage.
The death yak gores you but does no damage.
The death yak gores you! You block the death yak's attack. x2
The death yak misses you. You furiously retaliate!
You headbutt the death yak! You block the death yak's attack.
The death yak gores you.
The death yak gores you but does no damage.
The death yak closely misses you. You furiously retaliate!
You headbutt the death yak. The death yak gores you! The death yak gores you!!
The death yak gores you but does no damage.
You barely miss the death yak.
The death yak is moderately wounded.
You hit the death yak but do no damage. You hit the death yak.
You hit the death yak but do no damage. You hit the death yak.
You hit the death yak but do no damage.
The death yak gores you but does no damage.
You block the death yak's attack.
The death yak gores you but does no damage. x2
You block the death yak's attack. The death yak barely misses you.
Your skin crawls.
You feel strong-willed. You block the death yak's attack.
The death yak gores you but does no damage.
The death yak gores you!! The death yak gores you.
* * * LOW HITPOINT WARNING * * *
You block the death yak's attack. x2
You fade into invisibility!
You feel yourself speed up. The death yak gores you!
* * * LOW HITPOINT WARNING * * *
The death yak gores you.
* * * LOW HITPOINT WARNING * * *
The death yak gores you!
You die...

.... ..... ... ..P..
#. ##..## ......
#.##.#..# ...P..
.#..#.$#.###....#.
..................
#.......YYY....##
#.....Y@Y......
......####...Y.......#
...... #....†...##.##
# #....####........# .
##.#. #.........##
.##...####........#
...................#
......##.#†....#...#
.......##......#...#


You could see 6 death yaks.

Vanquished Creatures
  Gastronok (Lair:3)
  A minotaur (D:11)
  A catoblepas (Lair:3)
  5 hydras
  A two-headed ogre (D:9)
  11 death yaks
  Amaemon (Lair:3)
  A lindwurm (Lair:5)
  A necromancer (Lair:4)
  An ugly thing (D:12)
  Pikel (D:5)
  6 black mambas
  4 torpor snails (Lair:3)
  A molten gargoyle (Lair:1)
  2 gargoyles
  An orange demon (Lair:3)
  12 cane toads
  2 komodo dragons
  A kobold demonologist (D:12)
  3 rime drakes
  2 polar bears
  A troll (D:11)
  10 blink frogs
  A shadow (D:12)
  4 wyverns
  2 wraiths
  2 basilisks
  56 yaks
  A redback (Lair:2)
  A steam dragon (D:9)
  3 vampire mosquitoes (D:11)
  An acid dragon (D:12)
  10 water moccasins
  8 orc warriors
  2 sky beasts
  2 black bears
  3 elephant zombies (Lair:4)
  2 ice beasts (D:6)
  4 ogres
  4 centaurs
  2 kobold brigands
  2 komodo dragon zombies (Lair:4)
  6 scorpions
  8 bullfrogs
  3 necrophages (D:5)
  3 water moccasin zombies (Ossuary)
  15 killer bees
  2 electric eels (Lair:4)
  3 howler monkeys (D:7)
  A lava snake (Lair:1)
  A basilisk zombie (Lair:4)
  Crazy Yiuf (D:5)
  8 hounds
  4 orc priests
  3 hell rats (D:8)
  3 iguanas
  12 orc wizards
  2 mummies (Ossuary)
  A gnoll (D:4)
  15 adders
  7 river rats (D:8)
  A shadow imp (D:6)
  A white imp (D:7)
  An ufetubus (D:4)
  7 adder zombies (Ossuary)
  A worm (D:3)
  A dart slug (D:3)
  34 orcs
  12 ball pythons
  9 endoplasms
  4 giant cockroaches
  6 goblins
  7 hobgoblins
  2 jackals (D:2)
  9 quokkas
  2 bats (D:2)
  4 frilled lizards (D:1)
  5 gnoll zombies (Ossuary)
  A hobgoblin zombie (Ossuary)
  21 kobolds
  2 kobold zombies (Ossuary)
  9 orc zombies (Ossuary)
  23 rats
440 creatures vanquished.

Vanquished Creatures (others)
  7 fungi
  15 plants
  5 toadstools (D:9)
27 creatures vanquished.

Grand Total: 467 creatures vanquished

Notes
Turn   | Place    | Note
-------+----------+-------------------------------------------
     0 | D:1      | cheesebisquit the Minotaur Berserker began the quest for
                  | the Orb.
     0 | D:1      | Reached XP level 1. HP: 19/19 MP: 0/0
   294 | D:1      | Reached XP level 2. HP: 27/27 MP: 1/1
   534 | D:1      | Reached skill level 4 in Axes
   764 | D:1      | Reached ** piety under Trog
   765 | D:1      | Reached XP level 3. HP: 33/33 MP: 2/2
  1151 | D:2      | Found a faded altar of an unknown god.
  1322 | D:2      | Reached XP level 4. HP: 39/40 MP: 3/3
  1396 | D:2      | Identified the +0 cloak "Fuecodo" {Will+}
  2217 | D:3      | Reached skill level 5 in Axes
  2223 | D:3      | Found an ancient bone altar of Kikubaaqudgha.
  2288 | D:3      | Reached XP level 5. HP: 46/46 MP: 4/4
  2568 | D:4      | Found a sand-covered staircase.
  2573 | Ossuary  | Entered an ossuary
  2680 | Ossuary  | Reached skill level 6 in Axes
  2698 | Ossuary  | Reached skill level 7 in Axes
  2698 | Ossuary  | Reached XP level 6. HP: 52/52 MP: 5/5
  2735 | Ossuary  | Reached *** piety under Trog
  2999 | D:4      | Reached skill level 8 in Axes
  3169 | D:4      | Reached skill level 9 in Axes
  3169 | D:4      | Reached XP level 7. HP: 29/59 MP: 6/6
  4135 | D:4      | Found a staircase to the Ecumenical Temple.
  4366 | D:4      | Found a hide-covered altar of Uskayaw.
  4608 | D:5      | Entered Level 5 of the Dungeon
  4616 | D:5      | Reached skill level 10 in Axes
  4804 | D:5      | Noticed Pikel
  4823 | D:5      | Killed Pikel
  4824 | D:5      | Reached skill level 11 in Axes
  4824 | D:5      | Reached XP level 8. HP: 57/66 MP: 7/7
  4832 | D:5      | Reached skill level 12 in Axes
  4935 | D:5      | Found a transporter.
  4937 | D:5      | Noticed KittyFluff's ghost (novice GrBe)
  4955 | D:5      | Found a transporter.
  5394 | D:5      | Reached skill level 13 in Axes
  5976 | D:5      | Found a runed translucent door.
  5977 | D:5      | Noticed Crazy Yiuf
  6059 | D:5      | Killed Crazy Yiuf
  6060 | D:5      | Reached XP level 9. HP: 71/71 MP: 8/8
  6132 | D:6      | Reached skill level 14 in Axes
  6801 | D:6      | Reached skill level 15 in Axes
  6839 | D:7      | Found a broken altar of Ashenzari.
  7394 | D:7      | Reached skill level 16 in Axes
  7401 | D:7      | Reached **** piety under Trog
  7889 | D:7      | Found a white marble altar of Elyvilon.
  8052 | D:8      | Reached XP level 10. HP: 79/79 MP: 9/9
  8320 | D:8      | Reached ***** piety under Trog
  8530 | D:8      | Reached skill level 17 in Axes
  9161 | D:9      | Received a gift from Trog
  9167 | D:9      | Reached skill level 18 in Axes
  9748 | D:9      | Reached skill level 19 in Axes
  9821 | D:9      | Found Oboet's Armour Boutique.
  9821 | D:9      | Noticed a two-headed ogre
  9833 | D:9      | Killed a two-headed ogre
  9938 | D:9      | Reached XP level 11. HP: 56/84 MP: 10/10
 10235 | D:9      | Identified the +1 bardiche of Ru's Castigation {vorpal,
                  | Fragile Will+ Dex+5 Stlth+}
 10287 | D:9      | Found a stormy altar of Qazlal.
 10454 | D:10     | Entered Level 10 of the Dungeon
 10714 | D:10     | Identified the +2 hand axe "Gooneumiu" {vorpal, rPois rC+
                  | rCorr SInv}
 10834 | D:10     | Found a runed translucent gate.
 10834 | D:10     | Found a runed translucent gate.
 10834 | D:10     | Found a runed translucent gate.
 10834 | D:10     | Found a viscous altar of Jiyva.
 10834 | D:10     | Noticed Cheops's ghost (journeyman MiFi)
 10835 | D:10     | Noticed a great orb of eyes
 10988 | D:10     | Reached skill level 20 in Axes
 11259 | D:10     | Found a staircase to the Lair.
 11896 | D:11     | Found Giatzynk's Tremendous Tomes.
 12396 | D:11     | Reached skill level 21 in Axes
 12675 | D:11     | Found a staircase to the Orcish Mines.
 12911 | D:11     | Found a runed translucent door.
 12985 | D:11     | Noticed a minotaur
 12993 | D:11     | Killed a minotaur
 13163 | D:12     | Noticed a seven-headed hydra
 13170 | D:12     | Killed a seven-headed hydra
 13781 | D:12     | Noticed an eight-headed hydra
 13786 | D:12     | HP: 2/126 [eight-headed hydra (11)]
 13787 | D:12     | Killed an eight-headed hydra
 13788 | D:12     | Reached skill level 22 in Axes
 14004 | D:12     | Noticed a cyan ugly thing
 14016 | D:12     | Killed a cyan ugly thing
 14017 | D:12     | Reached XP level 12. HP: 44/91 MP: 11/11
 14479 | Lair:1   | Entered Level 1 of the Lair of Beasts
 14575 | Lair:1   | Reached skill level 1 in Shields
 14647 | Lair:1   | Reached skill level 5 in Fighting
 15359 | Lair:1   | Reached skill level 5 in Armour
 15834 | Lair:2   | Found a staircase to the Shoals.
 16121 | Lair:2   | Reached skill level 5 in Shields
 16229 | Lair:2   | Identified a scroll of acquirement
 16244 | Lair:2   | Acquired 1056 gold pieces
 16426 | Lair:2   | Noticed a five-headed hydra
 16445 | Lair:2   | Killed a five-headed hydra
 17044 | Lair:2   | Found a hole to the Spider Nest.
 17530 | Lair:3   | Found a runed translucent gate.
 17530 | Lair:3   | Found a runed translucent gate.
 17530 | Lair:3   | Found a runed translucent gate.
 17535 | Lair:3   | Noticed Balder's ghost (journeyman MiFi)
 17608 | Lair:3   | Found an iron altar of Okawaru.
 18000 | Lair:3   | Noticed Amaemon
 18010 | Lair:3   | Killed Amaemon
 18011 | Lair:3   | Reached XP level 13. HP: 108/108 MP: 12/12
 18091 | Lair:3   | Noticed Gastronok
 18107 | Lair:3   | Killed Gastronok
 18199 | Lair:3   | Found a snail-covered altar of Cheibriados.
 19100 | Lair:4   | Found a viscous altar of Jiyva.
 19101 | Lair:4   | Found a staircase to the Slime Pits.
 19452 | Lair:4   | Reached skill level 10 in Fighting
 20483 | Lair:5   | Entered Level 5 of the Lair of Beasts
 20497 | Lair:5   | Reached skill level 10 in Armour
 21046 | Lair:4   | Reached skill level 10 in Shields
 21231 | Lair:5   | Slain by a death yak

Illustrated notes

Levels and vault maps discovered:
D:1:      dpeg_arrival_shrine, layout_loops_ring, minivault_27
D:2:      minmay_evil_eye, layout_loops_ring,
          shapermc_ecumenical_altar_totnotflames
D:3:      layout_basic, lemuel_crystal_altar
D:4:      layout_layer_cave, nicolae_uskayaw_suspiria,
          minmay_temple_entry_trees, enter_ossuary_2, st_stairs_4,
          serial_bayou_lagoon_a, hangedman_feature_mirror, minmay_hedge_maze,
          hex_large, chequers_serial_rivers_small_b, minmay_misc_feat_square,
          minmay_fractal_squares_gapless_5
D:5:      layout_loops_corners, gammafunk_ghost_arena, minmay_splitting_lines,
          uniq_pikel, uniq_crazy_yiuf_cottage
D:6:      layout_basic
D:7:      layout_loops_ring, kennysheep_mini_moat, kennysheep_mini
D:8:      lemuel_ratsnest, layout_rooms, mrwooster_statue_mirror,
          dk_rats_in_the_wall
D:9:      layout_roguey, grunt_qazlal_clouds, serial_glass, glass_columns_a,
          glass_columns_a, feat_on_display, minmay_strange_pillars,
          due_unseen_surprise, feat_on_display, serial_shops,
          nicolae_shop_stone, minmay_gold_behind_fungi
D:10:     layout_stronghold, lair_entry_dummy, gammafunk_ghost_ooze,
          minmay_misc_feat_encased
D:11:     dreamdust_labyrinth, layout_basic, david_orc_4,
          nicolae_shop_i_like_big_books
D:12:     layout_roguey, kennysheep_generic_room_10
Lair:1:   layout_gridlike, guppyfry_lair_drakes
Lair:2:   layout_loops_ring, minmay_shoals_entry_centaurs,
          spider_nest_entry_rubble, serial_bayou_crossing,
          infiniplex_staircase_pool_2
Lair:3:   layout_layer_cave, basic_altar, gammafunk_ghost_necromancy,
          kennysheep_snail_temple, uniq_gastronok, uniq_amaemon
Lair:4:   pond_and_an_island_with_a_cottage, layout_loops_ring, slime_entry_1,
          kennysheep_catoblepas_arena, serial_bayou_shore_a
Lair:5:   grunt_lair_end_beastmaster, layout_misc_corridors, grunt_megastairs_1,
          uniq_rupert, uniq_urug

Skill      XL: |  1  2  3  4  5  6  7  8  9 10 11 12 13 |
---------------+----------------------------------------+-----
Fighting       | 4 8 11 | 11.2
Axes           | 4 5 7 9 11 13 16 19 22 | 22.2
Armour         | 3 8 10 | 10.8
Dodging        | 3 |  3.0
Shields        | 7 10 | 10.2

Action                   |  1- 3 |  4- 6 |  7- 9 | 10-12 | 13-15 || total
-------------------------+-------+-------+-------+-------+-------++-------
Melee: Hand axe          |    85 |   178 |   318 |   562 |   254 ||  1397
       Headbutt          |    11 |    36 |    48 |   128 |    84 ||   307
       Punch             |     1 |     2 |       |       |       ||     3
       Morningstar       |       |       |       |    10 |    16 ||    26
Invok: Trog's Hand       |       |     3 |     7 |    25 |     7 ||    42
       Berserk           |       |     3 |     7 |    24 |     6 ||    40
  Use: Scroll            |       |     5 |     4 |    18 |     3 ||    30
       Potion            |       |       |     1 |       |     1 ||     2
 Stab: Petrifying        |       |       |       |       |     1 ||     1
       Petrified         |       |       |       |       |     1 ||     1
Armor: Chain mail        |    44 |   104 |   134 |    37 |       ||   319
       Plate armour      |       |       |       |   266 |   141 ||   407
Dodge: Dodged            |    32 |    85 |    71 |   110 |    40 ||   338
Block: Tower shield      |       |       |   106 |   349 |   164 ||   619
